[ AOE2 MATCH · #461234603 ]
Team RMMalians vs Burgundians
[ REPLAY ANALYSIS · EXTRACTED FROM THE RECORDED GAME ]
Feudal
11:34
Castle
26:28
Imperial
38:05
| APM avg | 12.7 |
| APM peak | 43 |
| eAPM avg | 8.3 |
| Villagers / military | 106 / 102 |
Focus
⚔️ 29.0% · 🌾 71.0%
Spearman ×69 · Militia ×30 · Trebuchet (Packed) ×3
Feudal
13:14
Castle
28:44
Imperial
51:24
| APM avg | 22.0 |
| APM peak | 61 |
| eAPM avg | 12.7 |
| Villagers / military | 104 / 111 |
Focus
⚔️ 31.5% · 🌾 68.5%
Arambai ×55 · Spearman ×23 · Petard ×13 · Battering Ram ×12 · Militia ×4 · Trebuchet (Packed) ×4
Feudal
—
Castle
—
Imperial
—
| APM avg | 25.3 |
| APM peak | 91 |
| eAPM avg | 10.3 |
| Villagers / military | 88 / 92 |
Focus
⚔️ 26.6% · 🌾 73.4%
Archer ×63 · Knight ×20 · Trade Cart ×5 · Militia ×3 · Skirmisher ×3 · Monk ×2
Feudal
12:11
Castle
23:10
Imperial
33:34
| APM avg | 24.5 |
| APM peak | 73 |
| eAPM avg | 16.2 |
| Villagers / military | 137 / 128 |
Focus
⚔️ 29.6% · 🌾 70.4%
Battle Elephant ×95 · Ballista Elephant ×20 · Trade Cart ×10 · Scout Cavalry ×9 · Monk ×2 · Trebuchet (Packed) ×2
Feudal
10:01
Castle
21:30
Imperial
32:01
| APM avg | 33.1 |
| APM peak | 62 |
| eAPM avg | 21.6 |
| Villagers / military | 120 / 134 |
Focus
⚔️ 23.4% · 🌾 76.6%
Spearman ×78 · Militia ×19 · Boyar ×18 · Skirmisher ×6 · Monk ×5 · Trebuchet (Packed) ×5
Feudal
—
Castle
—
Imperial
—
| APM avg | 19.6 |
| APM peak | 53 |
| eAPM avg | 12.0 |
| Villagers / military | 72 / 183 |
Focus
⚔️ 48.0% · 🌾 52.0%
Fire Lancer ×142 · Spearman ×11 · Trebuchet (Packed) ×10 · Skirmisher ×9 · Scout Cavalry ×6 · Archer ×4
Feudal
12:25
Castle
27:50
Imperial
50:32
| APM avg | 19.2 |
| APM peak | 71 |
| eAPM avg | 12.2 |
| Villagers / military | 115 / 148 |
Focus
⚔️ 33.9% · 🌾 66.1%
Knight ×139 · Battering Ram ×7 · Mangonel ×2
Feudal
—
Castle
—
Imperial
—
| APM avg | 13.6 |
| APM peak | 42 |
| eAPM avg | 10.9 |
| Villagers / military | 133 / 182 |
Focus
⚔️ 29.2% · 🌾 70.8%
Knight ×107 · Coustillier ×70 · Trebuchet (Packed) ×4 · Monk ×1
Match map
Initial resources + every placement click. Lines = walls · curves = elevation contours. ◆ gold · ⬟ stone · ● berries · ✦ relic · ◌ wall gap
Inputs per minute
— johnnyt27 - - Slayun
Build order — johnnyt27
First 150 of 273 actions detected
| 0:05 | Build | House |
| 0:07 | Build | House |
| 0:56 | Create | Villager (Male) |
| 0:56 | Create | Villager (Male) |
| 0:57 | Create | Villager (Male) |
| 0:57 | Create | Villager (Male) |
| 1:50 | Create | Villager (Male) |
| 1:51 | Create | Villager (Male) |
| 2:15 | Build | Lumber Camp |
| 2:57 | Create | Villager (Male) |
| 2:57 | Create | Villager (Male) |
| 2:57 | Create | Villager (Male) |
| 4:01 | Create | Villager (Male) |
| 4:02 | Create | Villager (Male) |
| 4:02 | Create | Villager (Male) |
| 4:23 | Build | Mill |
| 4:55 | Build | House |
| 5:36 | Create | Villager (Male) |
| 5:36 | Create | Villager (Male) |
| 5:37 | Create | Villager (Male) |
| 5:37 | Create | Villager (Male) |
| 5:37 | Create | Villager (Male) |
| 5:49 | Build | House |
| 6:03 | Research | Loom |
| 6:19 | Build | House |
| 7:07 | Create | Villager (Male) |
| 7:26 | Create | Villager (Male) |
| 7:27 | Create | Villager (Male) |
| 7:27 | Create | Villager (Male) |
| 7:27 | Create | Villager (Male) |
| 7:27 | Create | Villager (Male) |
| 7:56 | Create | Villager (Male) |
| 8:11 | Create | Villager (Male) |
| 8:12 | Create | Villager (Male) |
| 8:14 | Create | Villager (Male) |
| 8:14 | Create | Villager (Male) |
| 9:22 | Research | Feudal Age |
| 10:11 | Build | Palisade Wall |
| 10:26 | Build | Palisade Wall |
| 11:12 | Build | Palisade Wall |
| 11:34 | Age | Feudal Age |
| 11:41 | Build | Mining Camp |
| 11:46 | Create | Villager (Male) |
| 11:46 | Create | Villager (Male) |
| 11:47 | Create | Villager (Male) |
| 11:47 | Create | Villager (Male) |
| 11:47 | Create | Villager (Male) |
| 12:06 | Build | Palisade Wall |
| 12:10 | Build | Building 796 |
| 12:24 | Build | Mill |
| 13:41 | Create | Villager (Male) |
| 13:41 | Create | Villager (Male) |
| 14:11 | Build | Blacksmith |
| 14:23 | Build | Mill |
| 14:30 | Build | Farm |
| 14:31 | Build | Farm |
| 14:31 | Build | Farm |
| 14:31 | Build | Farm |
| 14:39 | Create | Villager (Male) |
| 14:39 | Create | Villager (Male) |
| 14:40 | Create | Villager (Male) |
| 15:08 | Build | Stone Wall |
| 15:13 | Build | Building 487 |
| 15:25 | Build | Stone Wall |
| 15:29 | Build | Stone Wall |
| 15:38 | Build | Building 490 |
| 16:00 | Build | Mining Camp |
| 16:03 | Build | House |
| 16:04 | Build | House |
| 16:05 | Build | House |
| 16:56 | Build | Farm |
| 16:56 | Build | Farm |
| 16:56 | Build | Farm |
| 16:57 | Build | Farm |
| 17:28 | Build | Building 487 |
| 17:53 | Build | Farm |
| 18:08 | Build | Barracks |
| 18:12 | Research | Wheelbarrow |
| 18:13 | Research | Town Watch |
| 18:49 | Build | Stone Wall |
| 18:52 | Build | Building 487 |
| 19:41 | Build | Archery Range |
| 21:43 | Build | Archery Range |
| 21:46 | Research | Fletching |
| 22:33 | Create | Spearman |
| 22:33 | Create | Spearman |
| 22:34 | Create | Spearman |
| 22:34 | Create | Spearman |
| 22:34 | Create | Spearman |
| 22:35 | Create | Spearman |
| 23:09 | Build | Watch Tower |
| 23:48 | Research | Castle Age |
| 24:33 | Create | Spearman |
| 24:34 | Create | Spearman |
| 24:52 | Research | Forging |
| 25:09 | Create | Spearman |
| 25:15 | Create | Villager (Male) ×5 |
| 25:25 | Research | Double-Bit Axe |
| 25:27 | Research | Horse Collar |
| 25:28 | Research | Gold Mining |
| 25:29 | Research | Stone Mining |
| 26:03 | Build | Outpost |
| 26:22 | Build | Lumber Camp |
| 26:28 | Age | Castle Age |
| 26:31 | Create | Villager (Male) ×5 |
| 26:32 | Create | Villager (Male) ×5 |
| 26:57 | Build | Outpost |
| 27:03 | Research | Pikeman (upgrade) |
| 27:06 | Research | Scale Mail Armor |
| 28:25 | Build | Monastery |
| 28:30 | Build | University |
| 28:35 | Create | Villager (Male) |
| 28:48 | Build | Town Center |
| 28:54 | Create | Villager (Male) |
| 28:54 | Create | Villager (Male) |
| 29:02 | Build | Stone Wall |
| 29:32 | Build | Farm |
| 29:32 | Build | Farm |
| 29:33 | Build | Farm |
| 29:33 | Build | Farm |
| 29:33 | Build | Farm |
| 30:40 | Create | Villager (Male) |
| 30:40 | Create | Villager (Male) |
| 30:41 | Create | Villager (Male) |
| 30:41 | Create | Villager (Male) |
| 30:46 | Create | Villager (Male) |
| 30:47 | Create | Villager (Male) |
| 30:47 | Create | Villager (Male) |
| 30:50 | Create | Villager (Male) |
| 30:50 | Create | Villager (Male) |
| 30:51 | Create | Villager (Male) |
| 30:51 | Create | Villager (Male) |
| 32:02 | Build | Farm |
| 32:02 | Build | Farm |
| 32:03 | Build | Farm |
| 32:03 | Build | Farm |
| 32:03 | Build | Farm |
| 32:35 | Build | Farm |
| 32:38 | Create | Villager (Male) |
| 32:39 | Create | Villager (Male) |
| 32:41 | Create | Villager (Male) |
| 32:41 | Create | Villager (Male) |
| 32:56 | Build | Lumber Camp |
| 33:05 | Build | Stone Wall |
| 33:23 | Build | Stone Wall |
| 34:00 | Build | Castle |
| 34:24 | Build | Farm |
| 34:25 | Build | Farm |
| 34:26 | Build | Farm |
| 34:28 | Build | Farm |
Build order — Slayun
First 150 of 362 actions detected
| 0:02 | Create | Villager (Male) |
| 0:02 | Create | Villager (Male) |
| 0:02 | Create | Villager (Male) |
| 0:04 | Build | House |
| 0:44 | Build | House |
| 0:46 | Build | House |
| 0:47 | Build | House |
| 0:58 | Create | Villager (Male) |
| 1:03 | Build | Mill |
| 2:27 | Create | Villager (Male) |
| 3:03 | Create | Villager (Male) |
| 3:39 | Create | Villager (Male) |
| 3:56 | Create | Villager (Male) |
| 4:23 | Create | Villager (Male) |
| 4:47 | Build | Lumber Camp |
| 4:58 | Create | Villager (Male) |
| 5:27 | Create | Villager (Male) |
| 5:54 | Create | Villager (Male) |
| 6:05 | Create | Villager (Male) |
| 6:31 | Create | Villager (Male) |
| 6:51 | Create | Villager (Male) |
| 7:31 | Create | Villager (Male) |
| 7:49 | Create | Villager (Male) |
| 8:01 | Create | Villager (Male) |
| 8:57 | Build | House |
| 8:58 | Build | House |
| 8:59 | Build | House |
| 9:00 | Build | House |
| 9:02 | Build | House |
| 10:17 | Build | Mining Camp |
| 10:31 | Build | Mill |
| 11:04 | Research | Feudal Age |
| 11:38 | Build | House |
| 13:14 | Age | Feudal Age |
| 13:25 | Build | Barracks |
| 13:38 | Research | Horse Collar |
| 13:42 | Build | Farm |
| 13:44 | Build | Farm |
| 13:45 | Build | Farm |
| 13:46 | Build | Farm |
| 13:50 | Build | Watch Tower |
| 14:02 | Build | Lumber Camp |
| 14:05 | Research | Man-at-Arms (upgrade) |
| 14:55 | Research | Wheelbarrow |
| 14:56 | Research | Loom |
| 14:56 | Research | Town Watch |
| 15:13 | Build | Farm |
| 15:22 | Build | Farm |
| 15:32 | Build | Farm |
| 16:27 | Build | Farm |
| 16:57 | Build | Blacksmith |
| 17:09 | Create | Villager (Male) |
| 17:10 | Create | Villager (Male) |
| 17:10 | Create | Villager (Male) |
| 17:10 | Create | Villager (Male) |
| 17:10 | Create | Villager (Male) |
| 17:50 | Create | Militia |
| 18:09 | Build | Mining Camp |
| 18:18 | Research | Scale Mail Armor |
| 18:35 | Create | Militia |
| 19:21 | Create | Villager (Male) |
| 19:21 | Create | Villager (Male) |
| 19:28 | Build | Farm |
| 19:32 | Create | Militia |
| 19:40 | Create | Militia |
| 19:57 | Build | Archery Range |
| 20:05 | Create | Villager (Male) |
| 20:17 | Create | Villager (Male) |
| 20:41 | Build | Farm |
| 20:44 | Build | Farm |
| 20:48 | Build | Farm |
| 20:51 | Create | Villager (Male) |
| 20:51 | Create | Villager (Male) |
| 21:17 | Build | Farm |
| 21:20 | Create | Villager (Male) |
| 21:20 | Create | Villager (Male) |
| 22:05 | Build | Market |
| 22:07 | Create | Villager (Male) |
| 22:07 | Create | Villager (Male) |
| 22:07 | Create | Villager (Male) |
| 26:04 | Research | Castle Age |
| 27:09 | Build | Farm |
| 27:15 | Build | Farm |
| 28:03 | Research | Fletching |
| 28:03 | Research | Padded Archer Armor |
| 28:11 | Research | Stone Mining |
| 28:44 | Age | Castle Age |
| 28:51 | Build | Town Center |
| 29:30 | Research | Bodkin Arrow |
| 29:34 | Research | Scale Barding Armor |
| 29:43 | Research | Hand Cart |
| 31:09 | Build | Castle |
| 31:15 | Create | Villager (Male) |
| 31:15 | Create | Villager (Male) |
| 31:15 | Create | Villager (Male) |
| 31:15 | Create | Villager (Male) |
| 31:15 | Create | Villager (Male) |
| 31:16 | Create | Villager (Male) |
| 31:16 | Create | Villager (Male) |
| 31:16 | Create | Villager (Male) |
| 31:16 | Create | Villager (Male) |
| 31:58 | Build | Town Center |
| 32:09 | Create | Villager (Male) |
| 32:09 | Create | Villager (Male) |
| 32:09 | Create | Villager (Male) |
| 32:10 | Create | Villager (Male) |
| 32:10 | Create | Villager (Male) |
| 32:10 | Create | Villager (Male) |
| 32:10 | Create | Villager (Male) |
| 32:10 | Create | Villager (Male) |
| 32:11 | Create | Villager (Male) |
| 32:55 | Research | Heavy Plow |
| 33:54 | Build | Lumber Camp |
| 34:03 | Build | Farm |
| 34:13 | Build | Farm |
| 34:38 | Build | Castle |
| 34:49 | Create | Villager (Male) |
| 34:49 | Create | Villager (Male) |
| 34:49 | Create | Villager (Male) |
| 34:49 | Create | Villager (Male) |
| 34:49 | Create | Villager (Male) |
| 34:53 | Create | Villager (Male) |
| 34:53 | Create | Villager (Male) |
| 34:53 | Create | Villager (Male) |
| 34:53 | Create | Villager (Male) |
| 34:53 | Create | Villager (Male) |
| 34:56 | Create | Villager (Male) |
| 34:56 | Create | Villager (Male) |
| 35:10 | Research | Gold Mining |
| 35:27 | Build | University |
| 35:31 | Build | House |
| 35:32 | Build | House |
| 35:33 | Build | House |
| 35:34 | Build | House |
| 35:34 | Build | House |
| 35:36 | Build | House |
| 35:37 | Build | House |
| 35:38 | Build | House |
| 35:47 | Build | Mining Camp |
| 35:51 | Create | Villager (Male) |
| 35:52 | Create | Villager (Male) |
| 35:52 | Create | Villager (Male) |
| 35:55 | Create | Villager (Male) |
| 35:55 | Create | Villager (Male) |
| 35:57 | Create | Villager (Male) |
| 35:57 | Create | Villager (Male) |
| 36:24 | Create | Arambai |
| 36:24 | Create | Arambai |
| 36:24 | Create | Arambai |
| 36:27 | Create | Arambai |
Build order — Gutts220
First 150 of 320 actions detected
| 0:08 | Build | House |
| 0:10 | Build | House |
| 0:11 | Create | Villager (Male) |
| 0:12 | Create | Villager (Male) |
| 0:12 | Create | Villager (Male) |
| 0:12 | Create | Villager (Male) |
| 0:12 | Create | Villager (Male) |
| 2:00 | Create | Villager (Male) |
| 2:24 | Build | Lumber Camp |
| 3:30 | Create | Villager (Male) |
| 3:57 | Create | Villager (Male) |
| 6:23 | Create | Villager (Male) |
| 6:24 | Create | Villager (Male) |
| 6:39 | Build | House |
| 7:03 | Build | Barracks |
| 7:05 | Create | Villager (Male) |
| 7:17 | Build | Mining Camp |
| 7:37 | Build | Mining Camp |
| 7:55 | Create | Villager (Male) |
| 8:22 | Research | Feudal Age |
| 8:49 | Build | Mill |
| 8:58 | Create | Militia |
| 9:29 | Build | House |
| 9:43 | Create | Militia |
| 9:43 | Create | Militia |
| 10:28 | Create | Villager (Male) |
| 11:01 | Research | Man-at-Arms (upgrade) |
| 12:03 | Create | Villager (Male) |
| 12:03 | Create | Villager (Male) |
| 12:08 | Create | Villager (Male) |
| 12:21 | Build | Farm |
| 12:21 | Build | Farm |
| 12:21 | Build | Farm |
| 12:28 | Build | Mill |
| 12:45 | Build | Farm |
| 13:38 | Create | Villager (Male) |
| 13:40 | Create | Villager (Male) |
| 13:50 | Build | House |
| 14:08 | Build | Blacksmith |
| 14:24 | Research | Double-Bit Axe |
| 15:10 | Build | Market |
| 15:35 | Create | Villager (Male) |
| 15:35 | Create | Villager (Male) |
| 15:41 | Build | Farm |
| 16:11 | Research | Forging |
| 16:12 | Research | Scale Barding Armor |
| 16:31 | Build | Farm |
| 16:42 | Research | Horse Collar |
| 16:51 | Build | House |
| 18:44 | Build | Farm |
| 18:44 | Build | Farm |
| 18:45 | Build | Farm |
| 18:48 | Build | Farm |
| 19:02 | Research | Castle Age |
| 19:10 | Build | Mining Camp |
| 20:21 | Build | Stable |
| 21:12 | Build | Lumber Camp |
| 21:16 | Create | Villager (Male) |
| 21:17 | Create | Villager (Male) |
| 21:37 | Research | Husbandry |
| 21:39 | Research | Bloodlines |
| 21:56 | Research | Bow Saw |
| 22:13 | Build | Farm |
| 23:04 | Create | Villager (Male) |
| 23:05 | Create | Villager (Male) |
| 23:12 | Create | Trade Cart |
| 23:25 | Build | Farm |
| 23:37 | Research | Caravan |
| 23:39 | Create | Trade Cart |
| 23:40 | Create | Trade Cart |
| 24:00 | Create | Villager (Male) |
| 24:43 | Create | Villager (Male) |
| 24:43 | Create | Villager (Male) |
| 24:55 | Create | Scout Cavalry |
| 25:51 | Build | House |
| 25:53 | Build | House |
| 25:54 | Build | House |
| 26:00 | Create | Villager (Male) |
| 27:56 | Build | Town Center |
| 28:05 | Build | House |
| 28:11 | Build | Farm |
| 28:14 | Create | Villager (Male) |
| 28:15 | Create | Villager (Male) |
| 28:17 | Create | Villager (Male) |
| 29:04 | Build | Monastery |
| 29:16 | Build | University |
| 29:24 | Create | Villager (Male) |
| 29:24 | Create | Villager (Male) |
| 29:24 | Create | Villager (Male) |
| 29:28 | Build | Farm |
| 29:28 | Build | Farm |
| 29:28 | Build | Farm |
| 29:28 | Build | Farm |
| 29:29 | Build | Farm |
| 29:29 | Build | Farm |
| 29:35 | Create | Villager (Male) |
| 29:53 | Create | Monk |
| 30:36 | Research | Chain Barding Armor |
| 30:37 | Research | Iron Casting |
| 30:56 | Create | Villager (Male) |
| 31:04 | Build | Town Center |
| 31:38 | Build | Stable |
| 31:57 | Research | Wheelbarrow |
| 31:58 | Research | Loom |
| 32:09 | Create | Monk |
| 32:28 | Create | Knight |
| 32:29 | Create | Knight |
| 32:29 | Create | Knight |
| 32:29 | Create | Knight |
| 32:54 | Create | Villager (Male) |
| 32:54 | Create | Villager (Male) |
| 33:01 | Create | Villager (Male) |
| 33:01 | Create | Villager (Male) |
| 33:02 | Create | Villager (Male) |
| 33:03 | Create | Villager (Male) |
| 33:10 | Create | Villager (Male) |
| 33:10 | Create | Villager (Male) |
| 33:11 | Create | Villager (Male) |
| 33:34 | Create | Villager (Male) |
| 33:37 | Create | Villager (Male) |
| 33:38 | Create | Villager (Male) |
| 33:39 | Create | Villager (Male) |
| 34:17 | Research | Town Watch |
| 34:30 | Create | Knight |
| 34:30 | Create | Knight |
| 34:31 | Create | Knight |
| 34:52 | Create | Villager (Male) |
| 34:52 | Create | Villager (Male) |
| 35:05 | Build | House |
| 35:07 | Build | House |
| 35:08 | Build | House |
| 35:10 | Build | House |
| 35:13 | Build | House |
| 35:41 | Create | Villager (Male) |
| 35:43 | Create | Villager (Male) |
| 35:45 | Create | Villager (Male) |
| 35:46 | Create | Villager (Male) |
| 35:48 | Research | Town Patrol |
| 35:54 | Research | Hand Cart |
| 35:56 | Create | Villager (Male) |
| 36:06 | Create | Knight |
| 36:13 | Create | Knight |
| 36:15 | Create | Knight |
| 36:40 | Create | Trade Cart |
| 36:40 | Create | Trade Cart |
| 37:04 | Create | Villager (Male) |
| 37:05 | Create | Villager (Male) |
| 37:05 | Create | Villager (Male) |
| 37:07 | Create | Villager (Male) |
| 37:27 | Build | Farm |
Build order — Nextilius
First 150 of 359 actions detected
| 0:02 | Create | Villager (Male) ×4 |
| 0:03 | Build | House |
| 0:06 | Build | House |
| 0:07 | Build | House |
| 1:38 | Create | Villager (Male) |
| 2:33 | Research | Loom |
| 2:53 | Create | Villager (Male) |
| 3:48 | Create | Villager (Male) |
| 3:48 | Create | Villager (Male) |
| 3:48 | Create | Villager (Male) |
| 3:49 | Create | Villager (Male) |
| 4:21 | Create | Villager (Male) |
| 4:32 | Build | House |
| 4:59 | Create | Villager (Male) |
| 5:13 | Build | Lumber Camp |
| 5:58 | Create | Villager (Male) |
| 5:58 | Create | Villager (Male) |
| 5:58 | Create | Villager (Male) |
| 5:58 | Create | Villager (Male) |
| 5:59 | Create | Villager (Male) |
| 5:59 | Create | Villager (Male) |
| 6:28 | Build | Mining Camp |
| 6:55 | Create | Villager (Male) |
| 8:05 | Create | Villager (Male) |
| 8:11 | Build | House |
| 8:14 | Build | House |
| 8:20 | Create | Villager (Male) |
| 8:30 | Create | Villager (Male) |
| 9:03 | Build | Mill |
| 9:09 | Create | Villager (Male) |
| 9:36 | Create | Villager (Male) |
| 9:36 | Create | Villager (Male) |
| 9:51 | Build | Mill |
| 9:59 | Research | Feudal Age |
| 10:32 | Create | Villager (Male) |
| 10:50 | Create | Villager (Male) |
| 11:45 | Create | Villager (Male) |
| 12:11 | Age | Feudal Age |
| 12:16 | Build | Stable |
| 12:22 | Build | Farm |
| 12:22 | Build | Farm |
| 12:23 | Build | Farm |
| 12:23 | Build | Farm |
| 12:37 | Build | House |
| 12:56 | Build | Palisade Wall |
| 13:03 | Build | House |
| 13:09 | Build | House |
| 13:13 | Create | Villager (Male) |
| 13:14 | Create | Villager (Male) |
| 13:19 | Build | Farm |
| 13:19 | Build | Farm |
| 13:19 | Build | Farm |
| 13:19 | Build | Farm |
| 13:31 | Build | House |
| 13:39 | Build | House |
| 13:59 | Create | Villager (Male) |
| 13:59 | Create | Villager (Male) |
| 14:09 | Build | Farm |
| 14:37 | Build | Palisade Wall |
| 14:42 | Create | Villager (Male) |
| 14:45 | Build | Farm |
| 15:17 | Build | Farm |
| 15:35 | Create | Villager (Male) |
| 15:36 | Create | Villager (Male) |
| 15:37 | Create | Villager (Male) |
| 15:55 | Build | Mining Camp |
| 16:00 | Create | Villager (Male) |
| 16:33 | Create | Villager (Male) |
| 16:38 | Create | Scout Cavalry |
| 16:38 | Research | Bloodlines |
| 16:45 | Create | Scout Cavalry |
| 17:22 | Build | Market |
| 17:41 | Build | Palisade Wall |
| 17:44 | Build | Palisade Wall |
| 17:55 | Build | Farm |
| 17:57 | Create | Scout Cavalry |
| 18:07 | Build | Farm |
| 18:15 | Create | Villager (Male) |
| 18:15 | Create | Villager (Male) |
| 18:15 | Create | Villager (Male) |
| 18:16 | Create | Villager (Male) |
| 18:16 | Create | Villager (Male) |
| 18:19 | Create | Scout Cavalry |
| 18:31 | Research | Bloodlines |
| 18:49 | Build | Farm |
| 18:49 | Build | Farm |
| 18:49 | Build | Farm |
| 18:49 | Build | Farm |
| 18:50 | Build | Farm |
| 20:30 | Research | Castle Age |
| 20:32 | Create | Villager (Male) |
| 20:32 | Create | Villager (Male) |
| 20:49 | Create | Villager (Male) |
| 21:22 | Create | Villager (Male) |
| 21:24 | Build | Farm |
| 21:24 | Build | Farm |
| 21:25 | Build | Farm |
| 21:25 | Build | Farm |
| 21:25 | Build | Farm |
| 21:26 | Build | Farm |
| 21:26 | Build | Farm |
| 21:47 | Build | Palisade Wall |
| 21:51 | Build | Palisade Wall |
| 22:09 | Research | Double-Bit Axe |
| 22:11 | Research | Horse Collar |
| 22:15 | Research | Gold Mining |
| 22:15 | Research | Stone Mining |
| 23:10 | Age | Castle Age |
| 23:17 | Build | Town Center |
| 23:40 | Build | Town Center |
| 23:57 | Create | Villager (Male) |
| 23:58 | Create | Villager (Male) |
| 24:03 | Create | Villager (Male) |
| 24:03 | Create | Villager (Male) |
| 24:03 | Create | Villager (Male) |
| 24:09 | Research | Husbandry |
| 25:03 | Build | Palisade Wall |
| 25:08 | Create | Villager (Male) |
| 25:08 | Create | Villager (Male) |
| 25:12 | Research | Wheelbarrow |
| 25:17 | Create | Villager (Male) |
| 25:18 | Create | Villager (Male) |
| 25:22 | Build | Farm |
| 25:23 | Build | Farm |
| 25:23 | Build | Farm |
| 25:24 | Build | Farm |
| 25:31 | Create | Villager (Male) |
| 25:31 | Create | Villager (Male) |
| 25:54 | Build | Castle |
| 26:21 | Build | Farm |
| 26:21 | Build | Farm |
| 26:25 | Build | Farm |
| 26:26 | Build | Farm |
| 26:37 | Research | Light Cavalry (upgrade) |
| 26:40 | Create | Villager (Male) |
| 26:41 | Create | Villager (Male) |
| 26:41 | Create | Villager (Male) |
| 26:41 | Create | Villager (Male) |
| 26:50 | Build | Monastery |
| 26:54 | Build | Farm |
| 27:21 | Build | Palisade Wall |
| 27:28 | Build | House |
| 27:45 | Build | House |
| 27:47 | Build | House |
| 27:49 | Build | House |
| 28:18 | Create | Villager (Male) |
| 28:18 | Create | Villager (Male) |
| 28:18 | Create | Villager (Male) |
| 28:18 | Create | Villager (Male) |
| 28:19 | Create | Villager (Male) |
Build order — Tecuan96
First 150 of 387 actions detected
| 0:06 | Create | Villager (Male) |
| 0:06 | Create | Villager (Male) |
| 0:07 | Create | Villager (Male) |
| 0:07 | Build | House |
| 0:10 | Build | House |
| 0:19 | Create | Villager (Male) |
| 0:19 | Create | Villager (Male) |
| 0:19 | Create | Villager (Male) |
| 1:21 | Create | Villager (Male) |
| 1:21 | Create | Villager (Male) |
| 1:49 | Build | Lumber Camp |
| 2:04 | Create | Villager (Male) |
| 2:04 | Create | Villager (Male) |
| 2:19 | Create | Villager (Male) |
| 2:51 | Create | Villager (Male) |
| 2:52 | Create | Villager (Male) |
| 3:19 | Create | Villager (Male) |
| 3:19 | Create | Villager (Male) |
| 3:30 | Build | House |
| 3:43 | Create | Villager (Male) |
| 3:43 | Create | Villager (Male) |
| 4:15 | Create | Villager (Male) |
| 4:15 | Create | Villager (Male) |
| 4:20 | Build | Mill |
| 4:49 | Create | Villager (Male) |
| 4:50 | Create | Villager (Male) |
| 5:07 | Create | Villager (Male) |
| 5:08 | Create | Villager (Male) |
| 5:39 | Create | Villager (Male) |
| 5:39 | Create | Villager (Male) |
| 5:42 | Create | Villager (Male) |
| 5:43 | Create | Villager (Male) |
| 6:24 | Create | Villager (Male) |
| 6:27 | Build | House |
| 6:42 | Research | Loom |
| 7:49 | Build | Barracks |
| 7:51 | Research | Feudal Age |
| 8:50 | Build | House |
| 9:21 | Build | Palisade Wall |
| 9:27 | Build | House |
| 9:41 | Build | Palisade Wall |
| 9:44 | Create | Villager (Male) |
| 9:44 | Create | Villager (Male) |
| 9:49 | Build | Farm |
| 9:53 | Build | Farm |
| 10:01 | Age | Feudal Age |
| 10:06 | Build | Stable |
| 10:09 | Create | Villager (Male) |
| 10:22 | Research | Double-Bit Axe |
| 10:31 | Create | Villager (Male) |
| 10:35 | Build | House |
| 10:39 | Build | Palisade Wall |
| 10:52 | Build | Farm |
| 10:56 | Create | Villager (Male) |
| 11:03 | Build | Palisade Wall |
| 11:05 | Create | Villager (Male) |
| 11:19 | Build | Farm |
| 11:20 | Create | Villager (Male) |
| 11:56 | Build | Building 796 |
| 12:03 | Create | Villager (Male) |
| 12:08 | Build | Farm |
| 12:09 | Create | Villager (Male) |
| 12:13 | Build | Lumber Camp |
| 12:53 | Build | Archery Range |
| 12:56 | Create | Villager (Male) |
| 13:03 | Create | Scout Cavalry |
| 13:15 | Build | House |
| 13:21 | Create | Villager (Male) |
| 13:26 | Build | Farm |
| 13:27 | Create | Villager (Male) |
| 13:31 | Build | Farm |
| 13:32 | Create | Villager (Male) |
| 13:58 | Build | House |
| 14:00 | Create | Skirmisher |
| 14:01 | Create | Skirmisher |
| 14:02 | Create | Skirmisher |
| 14:29 | Build | Mining Camp |
| 14:35 | Create | Skirmisher |
| 14:40 | Create | Scout Cavalry |
| 14:51 | Create | Villager (Male) |
| 15:04 | Build | Blacksmith |
| 15:11 | Create | Skirmisher |
| 15:16 | Build | Farm |
| 15:18 | Create | Villager (Male) |
| 15:28 | Build | Farm |
| 15:36 | Build | Farm |
| 15:41 | Build | Farm |
| 15:44 | Create | Villager (Male) |
| 16:02 | Build | House |
| 16:13 | Build | Palisade Wall |
| 16:16 | Create | Skirmisher |
| 16:24 | Create | Villager (Male) |
| 16:30 | Build | Farm |
| 16:41 | Build | Palisade Wall |
| 16:46 | Create | Villager (Male) |
| 16:51 | Build | Farm |
| 17:37 | Build | Farm |
| 17:38 | Create | Villager (Male) |
| 17:49 | Build | Market |
| 17:56 | Build | Farm |
| 18:10 | Build | House |
| 18:30 | Build | Farm |
| 18:38 | Build | House |
| 18:50 | Research | Castle Age |
| 19:30 | Build | Farm |
| 19:39 | Build | Mining Camp |
| 19:54 | Build | House |
| 20:16 | Create | Villager (Male) |
| 20:25 | Build | Palisade Wall |
| 20:49 | Build | Farm |
| 21:12 | Build | Palisade Wall |
| 21:30 | Age | Castle Age |
| 21:35 | Build | Town Center |
| 21:38 | Create | Villager (Male) |
| 21:50 | Research | Bloodlines |
| 22:07 | Create | Villager (Male) |
| 22:18 | Build | Palisade Wall |
| 22:20 | Create | Villager (Male) |
| 22:26 | Create | Villager (Male) |
| 22:32 | Create | Villager (Male) |
| 22:36 | Build | Lumber Camp |
| 22:40 | Research | Bow Saw |
| 22:50 | Research | Pikeman (upgrade) |
| 22:57 | Create | Villager (Male) |
| 23:11 | Create | Villager (Male) |
| 23:11 | Create | Villager (Male) |
| 23:17 | Create | Villager (Male) |
| 23:21 | Build | Farm |
| 23:23 | Create | Villager (Male) |
| 23:38 | Create | Villager (Male) |
| 23:51 | Create | Villager (Male) |
| 24:18 | Build | House |
| 24:28 | Create | Villager (Male) |
| 24:30 | Research | Horse Collar |
| 24:38 | Create | Spearman |
| 24:39 | Create | Spearman |
| 24:39 | Create | Spearman |
| 24:44 | Create | Villager (Male) |
| 24:54 | Create | Villager (Male) |
| 24:56 | Build | Farm |
| 24:58 | Create | Villager (Male) |
| 25:33 | Build | Farm |
| 26:15 | Research | Man-at-Arms (upgrade) |
| 26:19 | Build | Farm |
| 26:21 | Create | Villager (Male) |
| 26:22 | Create | Villager (Male) |
| 26:26 | Build | Lumber Camp |
| 26:54 | Build | Castle |
| 26:58 | Create | Villager (Male) |
| 26:59 | Create | Villager (Male) |
Build order — Yetasamurai
First 150 of 357 actions detected
| 0:04 | Build | House |
| 0:07 | Build | House |
| 0:49 | Create | Villager (Male) |
| 0:50 | Create | Villager (Male) |
| 0:50 | Create | Villager (Male) |
| 0:51 | Create | Villager (Male) |
| 0:52 | Research | Loom |
| 2:42 | Create | Villager (Male) |
| 3:09 | Create | Villager (Male) |
| 3:10 | Create | Villager (Male) |
| 3:34 | Create | Villager (Male) |
| 4:30 | Create | Villager (Male) |
| 4:30 | Create | Villager (Male) |
| 4:31 | Create | Villager (Male) |
| 4:43 | Build | House |
| 5:32 | Create | Villager (Male) |
| 5:42 | Build | Mill |
| 6:10 | Create | Villager (Male) |
| 6:10 | Create | Villager (Male) |
| 6:10 | Create | Villager (Male) |
| 6:11 | Create | Villager (Male) |
| 6:11 | Create | Villager (Male) |
| 6:11 | Create | Villager (Male) |
| 6:51 | Build | House |
| 7:34 | Create | Villager (Male) |
| 7:34 | Create | Villager (Male) |
| 8:02 | Build | Lumber Camp |
| 8:34 | Create | Villager (Male) |
| 8:36 | Create | Villager (Male) |
| 9:54 | Research | Feudal Age |
| 10:09 | Build | Barracks |
| 10:19 | Build | Lumber Camp |
| 11:02 | Build | Farm |
| 11:02 | Build | Farm |
| 11:03 | Build | Farm |
| 11:17 | Build | House |
| 11:19 | Build | House |
| 11:20 | Build | House |
| 11:23 | Build | House |
| 11:26 | Build | House |
| 12:01 | Create | Villager (Male) |
| 12:02 | Create | Villager (Male) |
| 12:02 | Create | Villager (Male) |
| 12:13 | Build | Archery Range |
| 12:15 | Research | Double-Bit Axe |
| 12:40 | Build | Mining Camp |
| 12:48 | Create | Villager (Male) |
| 12:49 | Create | Villager (Male) |
| 13:09 | Build | Blacksmith |
| 13:19 | Create | Villager (Male) |
| 13:44 | Build | House |
| 13:45 | Build | House |
| 13:47 | Build | House |
| 14:12 | Build | Market |
| 14:21 | Build | Farm |
| 14:34 | Create | Spearman |
| 14:35 | Create | Spearman |
| 14:35 | Create | Spearman |
| 14:36 | Create | Skirmisher |
| 14:36 | Create | Skirmisher |
| 14:36 | Create | Skirmisher |
| 14:42 | Build | Farm |
| 14:57 | Create | Villager (Male) |
| 14:57 | Create | Villager (Male) |
| 15:08 | Research | Gold Mining |
| 15:23 | Build | House |
| 15:25 | Build | House |
| 15:34 | Build | House |
| 15:37 | Build | House |
| 15:45 | Build | Mining Camp |
| 15:52 | Create | Villager (Male) |
| 15:53 | Create | Villager (Male) |
| 16:01 | Create | Skirmisher |
| 16:03 | Create | Archer |
| 16:18 | Create | Villager (Male) |
| 16:24 | Build | Farm |
| 16:53 | Build | Stable |
| 17:01 | Build | Farm |
| 17:05 | Build | Farm |
| 17:15 | Build | Farm |
| 17:15 | Build | Farm |
| 17:16 | Build | Farm |
| 17:39 | Build | Farm |
| 17:39 | Build | Farm |
| 17:56 | Create | Skirmisher |
| 17:56 | Create | Skirmisher |
| 17:56 | Create | Skirmisher |
| 17:58 | Create | Spearman |
| 17:58 | Create | Spearman |
| 17:59 | Create | Spearman |
| 18:16 | Build | Farm |
| 18:23 | Create | Villager (Male) |
| 18:23 | Create | Villager (Male) |
| 18:40 | Create | Spearman |
| 18:40 | Create | Spearman |
| 18:44 | Create | Scout Cavalry |
| 18:44 | Create | Scout Cavalry |
| 18:50 | Create | Archer |
| 18:50 | Create | Archer |
| 18:51 | Create | Archer |
| 18:57 | Build | Farm |
| 19:01 | Create | Scout Cavalry |
| 19:41 | Research | Stone Mining |
| 19:45 | Research | Horse Collar |
| 19:49 | Create | Skirmisher |
| 19:50 | Create | Skirmisher |
| 19:51 | Create | Spearman |
| 20:22 | Create | Scout Cavalry |
| 20:49 | Create | Scout Cavalry |
| 20:54 | Create | Spearman |
| 20:54 | Create | Spearman |
| 22:15 | Research | Castle Age |
| 24:34 | Research | Forging |
| 24:35 | Research | Scale Mail Armor |
| 24:35 | Research | Scale Barding Armor |
| 24:36 | Research | Fletching |
| 25:03 | Build | Castle |
| 25:12 | Build | Town Center |
| 25:16 | Build | Monastery |
| 25:42 | Create | Villager (Male) |
| 25:42 | Create | Villager (Male) |
| 25:42 | Create | Villager (Male) |
| 25:42 | Create | Villager (Male) |
| 25:42 | Create | Villager (Male) |
| 25:52 | Build | Stone Wall |
| 26:28 | Create | Monk |
| 27:28 | Build | Barracks |
| 27:51 | Build | Mining Camp |
| 28:11 | Create | Villager (Male) |
| 28:11 | Create | Villager (Male) |
| 28:11 | Create | Villager (Male) |
| 28:40 | Build | Barracks |
| 29:03 | Build | Town Center |
| 29:25 | Create | Villager (Male) |
| 29:26 | Create | Villager (Male) |
| 29:26 | Create | Villager (Male) |
| 29:43 | Create | Fire Lancer |
| 29:44 | Create | Fire Lancer |
| 29:44 | Create | Fire Lancer |
| 29:44 | Create | Fire Lancer |
| 29:45 | Create | Fire Lancer |
| 29:45 | Create | Fire Lancer |
| 29:56 | Build | Barracks |
| 30:15 | Create | Villager (Male) |
| 30:15 | Create | Villager (Male) |
| 30:15 | Create | Villager (Male) |
| 30:15 | Create | Villager (Male) |
| 30:16 | Create | Villager (Male) |
| 30:16 | Create | Villager (Male) |
| 30:16 | Create | Villager (Male) |
Build order — Gouveia!!
First 150 of 382 actions detected
| 0:11 | Build | House |
| 0:16 | Build | House |
| 0:43 | Create | Villager (Male) |
| 0:43 | Create | Villager (Male) |
| 0:45 | Create | Villager (Male) |
| 0:56 | Create | Villager (Male) |
| 0:56 | Create | Villager (Male) |
| 2:06 | Create | Villager (Male) |
| 2:39 | Create | Villager (Male) |
| 3:18 | Create | Villager (Male) |
| 3:18 | Create | Villager (Male) |
| 3:50 | Create | Villager (Male) |
| 4:15 | Build | House |
| 4:20 | Create | Villager (Male) |
| 4:45 | Build | Mill |
| 4:53 | Create | Villager (Male) |
| 4:58 | Research | Loom |
| 5:11 | Create | Villager (Male) |
| 6:37 | Create | Villager (Male) |
| 6:37 | Create | Villager (Male) |
| 7:06 | Create | Villager (Male) |
| 7:06 | Create | Villager (Male) |
| 7:34 | Build | Mining Camp |
| 8:06 | Create | Villager (Male) |
| 8:25 | Build | House |
| 8:26 | Build | House |
| 8:33 | Build | House |
| 8:52 | Build | Lumber Camp |
| 9:25 | Create | Villager (Male) |
| 9:40 | Create | Villager (Male) |
| 9:56 | Build | Mill |
| 10:14 | Research | Feudal Age |
| 10:29 | Build | Lumber Camp |
| 10:51 | Create | Villager (Male) |
| 10:51 | Create | Villager (Male) |
| 11:56 | Build | Mining Camp |
| 12:03 | Create | Villager (Male) |
| 12:25 | Age | Feudal Age |
| 12:30 | Create | Villager (Male) |
| 12:49 | Create | Villager (Male) |
| 12:49 | Create | Villager (Male) |
| 13:27 | Create | Villager (Male) |
| 14:17 | Create | Villager (Male) |
| 14:18 | Create | Villager (Male) |
| 14:30 | Create | Villager (Male) |
| 14:42 | Create | Villager (Male) |
| 14:48 | Research | Double-Bit Axe |
| 15:22 | Create | Villager (Male) |
| 15:59 | Build | Farm |
| 16:00 | Build | Farm |
| 16:00 | Build | Farm |
| 16:01 | Build | Farm |
| 16:02 | Build | Farm |
| 16:03 | Build | Farm |
| 16:04 | Build | Farm |
| 16:05 | Build | Farm |
| 16:06 | Build | Farm |
| 16:07 | Build | Farm |
| 16:08 | Build | Farm |
| 16:10 | Build | Farm |
| 16:40 | Build | Watch Tower |
| 16:50 | Build | Watch Tower |
| 17:00 | Build | Watch Tower |
| 17:07 | Create | Villager (Male) |
| 17:07 | Create | Villager (Male) |
| 17:17 | Build | House |
| 17:19 | Build | House |
| 17:21 | Build | House |
| 17:30 | Create | Villager (Male) |
| 17:42 | Create | Villager (Male) |
| 18:02 | Build | Farm |
| 18:05 | Research | Horse Collar |
| 18:32 | Build | Farm |
| 18:35 | Create | Villager (Male) |
| 18:44 | Build | Town Center |
| 18:48 | Create | Villager (Male) |
| 18:56 | Build | Farm |
| 19:22 | Build | Watch Tower |
| 19:49 | Build | Farm |
| 19:51 | Build | Farm |
| 20:38 | Create | Villager (Male) |
| 20:39 | Create | Villager (Male) |
| 20:47 | Create | Villager (Male) |
| 20:47 | Create | Villager (Male) |
| 21:01 | Build | Watch Tower |
| 21:11 | Create | Villager (Male) |
| 21:11 | Create | Villager (Male) |
| 21:11 | Create | Villager (Male) |
| 21:19 | Build | Farm |
| 21:33 | Build | Farm |
| 21:36 | Create | Villager (Male) |
| 21:45 | Create | Villager (Male) |
| 21:50 | Create | Villager (Male) |
| 21:59 | Build | Farm |
| 22:18 | Build | Farm |
| 22:28 | Build | Farm |
| 22:33 | Build | Farm |
| 22:40 | Build | Farm |
| 22:48 | Build | Farm |
| 23:02 | Build | Blacksmith |
| 23:17 | Create | Villager (Male) |
| 23:18 | Create | Villager (Male) |
| 23:18 | Create | Villager (Male) |
| 23:24 | Research | Wheelbarrow |
| 23:26 | Research | Town Watch |
| 23:33 | Research | Gold Mining |
| 23:53 | Build | Market |
| 24:17 | Build | Farm |
| 24:21 | Build | Farm |
| 24:23 | Create | Villager (Male) |
| 24:23 | Create | Villager (Male) |
| 24:28 | Create | Villager (Male) |
| 25:10 | Research | Castle Age |
| 25:13 | Create | Villager (Male) |
| 25:13 | Create | Villager (Male) |
| 25:18 | Create | Villager (Male) |
| 25:18 | Create | Villager (Male) |
| 25:35 | Build | Barracks |
| 25:44 | Research | Forging |
| 25:45 | Research | Scale Barding Armor |
| 25:55 | Create | Villager (Male) |
| 26:57 | Create | Villager (Male) |
| 26:57 | Create | Villager (Male) |
| 27:03 | Create | Villager (Male) |
| 27:03 | Create | Villager (Male) |
| 27:50 | Age | Castle Age |
| 28:28 | Create | Villager (Male) |
| 28:28 | Create | Villager (Male) |
| 28:29 | Create | Villager (Male) |
| 28:37 | Build | House |
| 28:41 | Build | House |
| 28:42 | Build | House |
| 28:43 | Build | House |
| 28:45 | Build | House |
| 28:54 | Build | Stable |
| 28:56 | Build | Stable |
| 28:59 | Build | Stable |
| 29:19 | Build | Stable |
| 29:29 | Build | Siege Workshop |
| 29:35 | Create | Villager (Male) |
| 29:35 | Create | Villager (Male) |
| 29:40 | Create | Villager (Male) |
| 29:40 | Create | Villager (Male) |
| 29:40 | Create | Villager (Male) |
| 29:40 | Create | Villager (Male) |
| 30:00 | Create | Villager (Male) |
| 30:00 | Create | Villager (Male) |
| 30:08 | Create | Knight |
| 30:09 | Create | Knight |
| 30:09 | Create | Knight |
Build order — Mandy ARG
First 150 of 256 actions detected
| 0:03 | Build | House |
| 0:04 | Build | House |
| 0:09 | Create | Villager (Male) ×4 |
| 1:37 | Create | Villager (Male) |
| 2:30 | Build | Lumber Camp |
| 2:40 | Create | Villager (Male) ×2 |
| 2:57 | Create | Villager (Male) |
| 3:10 | Create | Villager (Male) |
| 3:54 | Create | Villager (Male) |
| 3:54 | Create | Villager (Male) |
| 4:25 | Build | House |
| 4:53 | Build | Mill |
| 6:01 | Create | Villager (Male) ×5 |
| 6:26 | Build | Mill |
| 6:58 | Build | House |
| 8:18 | Build | Palisade Wall |
| 8:22 | Build | Palisade Wall |
| 8:37 | Build | Building 796 |
| 9:17 | Research | Feudal Age |
| 9:18 | Research | Loom |
| 10:04 | Build | Palisade Wall |
| 10:25 | Build | Palisade Wall |
| 11:17 | Build | Palisade Wall |
| 11:30 | Create | Villager (Male) ×5 |
| 11:33 | Create | Villager (Male) |
| 12:31 | Build | Stone Wall |
| 12:49 | Build | Stone Wall |
| 13:01 | Build | Mining Camp |
| 13:10 | Build | House |
| 13:11 | Build | House |
| 13:17 | Build | House |
| 13:18 | Build | House |
| 13:19 | Build | House |
| 13:20 | Build | House |
| 13:21 | Build | House |
| 13:22 | Build | House |
| 13:40 | Create | Villager (Male) |
| 13:40 | Create | Villager (Male) |
| 13:40 | Create | Villager (Male) |
| 13:45 | Build | Mining Camp |
| 14:06 | Create | Villager (Male) |
| 14:06 | Create | Villager (Male) |
| 14:24 | Build | Stone Wall |
| 14:29 | Build | Stone Wall |
| 14:52 | Create | Villager (Male) |
| 16:23 | Build | Building 490 |
| 16:33 | Build | Stone Wall |
| 16:58 | Build | Stone Wall |
| 17:06 | Research | Stone Mining |
| 17:11 | Create | Villager (Male) ×4 |
| 17:45 | Build | Market |
| 18:15 | Build | Market |
| 18:37 | Create | Villager (Male) |
| 18:37 | Create | Villager (Male) |
| 18:38 | Create | Villager (Male) |
| 19:26 | Build | Stone Wall |
| 19:44 | Build | Stone Wall |
| 19:56 | Build | Stone Wall |
| 20:05 | Build | Farm |
| 20:05 | Build | Farm |
| 20:06 | Build | Farm |
| 20:06 | Build | Farm |
| 20:06 | Build | Farm |
| 20:06 | Build | Farm |
| 20:07 | Build | Farm |
| 20:07 | Build | Farm |
| 20:12 | Build | Farm |
| 20:12 | Build | Farm |
| 20:12 | Build | Farm |
| 20:12 | Build | Farm |
| 20:13 | Build | Farm |
| 20:14 | Build | Farm |
| 20:14 | Build | Farm |
| 20:15 | Build | Farm |
| 20:23 | Create | Villager (Male) |
| 21:38 | Create | Villager (Male) ×3 |
| 21:59 | Create | Villager (Male) |
| 21:59 | Create | Villager (Male) |
| 22:46 | Build | Blacksmith |
| 23:45 | Create | Villager (Male) ×5 |
| 23:46 | Create | Villager (Male) |
| 23:46 | Create | Villager (Male) |
| 23:47 | Create | Villager (Male) |
| 24:41 | Build | Farm |
| 24:42 | Build | Farm |
| 24:42 | Build | Farm |
| 24:42 | Build | Farm |
| 24:42 | Build | Farm |
| 24:43 | Build | Farm |
| 24:43 | Build | Farm |
| 24:44 | Build | Farm |
| 24:57 | Research | Castle Age |
| 25:54 | Build | Palisade Gate |
| 26:00 | Build | Building 487 |
| 27:20 | Create | Villager (Male) ×5 |
| 27:21 | Create | Villager (Male) ×5 |
| 27:21 | Create | Villager (Male) ×4 |
| 27:41 | Build | House |
| 27:42 | Build | House |
| 27:43 | Build | House |
| 27:44 | Build | House |
| 27:45 | Build | House |
| 27:46 | Build | House |
| 27:47 | Build | House |
| 27:48 | Build | House |
| 27:49 | Build | House |
| 29:28 | Research | Horse Collar |
| 29:31 | Research | Gold Mining |
| 29:32 | Research | Stone Shaft Mining |
| 29:43 | Research | Double-Bit Axe |
| 29:58 | Build | Town Center |
| 30:02 | Build | Mining Camp |
| 30:23 | Build | Town Center |
| 30:31 | Build | Town Center |
| 31:11 | Create | Villager (Male) ×5 |
| 31:30 | Build | Stone Wall |
| 31:35 | Build | Stone Wall |
| 31:40 | Build | Stone Wall |
| 31:50 | Create | Villager (Male) ×5 |
| 31:52 | Create | Villager (Male) |
| 31:53 | Create | Villager (Male) |
| 31:53 | Create | Villager (Male) |
| 31:56 | Create | Villager (Male) ×5 |
| 31:56 | Create | Villager (Male) ×5 |
| 31:57 | Create | Villager (Male) ×5 |
| 31:57 | Create | Villager (Male) |
| 32:01 | Create | Villager (Male) ×5 |
| 32:05 | Create | Villager (Male) ×5 |
| 32:21 | Build | Monastery |
| 32:32 | Build | Castle |
| 32:44 | Build | University |
| 32:56 | Build | Farm |
| 32:56 | Build | Farm |
| 32:56 | Build | Farm |
| 32:57 | Build | Farm |
| 32:57 | Build | Farm |
| 33:06 | Build | Farm |
| 33:36 | Create | Monk |
| 33:55 | Create | Coustillier ×5 |
| 33:56 | Create | Coustillier ×5 |
| 34:00 | Research | Burgundian Vineyards |
| 34:59 | Build | Mining Camp |
| 36:55 | Create | Villager (Male) ×5 |
| 36:56 | Create | Villager (Male) |
| 36:57 | Create | Villager (Male) |
| 36:57 | Create | Villager (Male) |
| 37:15 | Build | Lumber Camp |
| 37:43 | Research | Imperial Age |
| 37:49 | Build | Farm |
| 37:50 | Build | Farm |
Match timeline
| 7:03 | Gutts220 · first_building Barracks |
| 7:49 | Tecuan96 · first_building Barracks |
| 8:18 | Mandy ARG · wall_segment Palisade Wall x22 |
| 8:22 | Mandy ARG · wall_segment Palisade Wall x14 |
| 9:21 | Tecuan96 · wall_segment Palisade Wall x4 |
| 9:41 | Tecuan96 · wall_segment Palisade Wall x7 |
| 10:01 | Tecuan96 · age_up feudal |
| 10:04 | Mandy ARG · wall_segment Palisade Wall x22 |
| 10:06 | Tecuan96 · first_building Stable |
| 10:09 | Yetasamurai · first_building Barracks |
| 10:11 | johnnyt27 · wall_segment Palisade Wall x11 |
| 10:25 | Mandy ARG · wall_segment Palisade Wall x12 |
| 10:26 | johnnyt27 · wall_segment Palisade Wall x12 |
| 10:39 | Tecuan96 · wall_segment Palisade Wall x3 |
| 11:03 | Tecuan96 · wall_segment Palisade Wall x5 |
| 11:12 | johnnyt27 · wall_segment Palisade Wall x5 |
| 11:17 | Mandy ARG · wall_segment Palisade Wall x15 |
| 11:34 | johnnyt27 · age_up feudal |
| 12:06 | johnnyt27 · wall_segment Palisade Wall x11 |
| 12:11 | Nextilius · age_up feudal |
| 12:13 | Yetasamurai · first_building Archery Range |
| 12:16 | Nextilius · first_building Stable |
| 12:25 | Gouveia!! · age_up feudal |
| 12:31 | Mandy ARG · wall_segment Stone Wall x15 |
| 12:49 | Mandy ARG · wall_segment Stone Wall x2 |
| 12:53 | Tecuan96 · first_building Archery Range |
| 12:56 | Nextilius · wall_segment Palisade Wall x10 |
| 13:14 | Slayun · age_up feudal |
| 13:25 | Slayun · first_building Barracks |
| 14:24 | Mandy ARG · wall_segment Stone Wall x21 |
| 14:29 | Mandy ARG · wall_segment Stone Wall x4 |
| 14:37 | Nextilius · wall_segment Palisade Wall x16 |
| 15:08 | johnnyt27 · wall_segment Stone Wall x3 |
| 15:25 | johnnyt27 · wall_segment Stone Wall x12 |
| 15:29 | johnnyt27 · wall_segment Stone Wall x9 |
| 16:13 | Tecuan96 · wall_segment Palisade Wall x6 |
| 16:33 | Mandy ARG · wall_segment Stone Wall x8 |
| 16:41 | Tecuan96 · wall_segment Palisade Wall x12 |
| 16:53 | Yetasamurai · first_building Stable |
| 16:58 | Mandy ARG · wall_segment Stone Wall x18 |
| 17:41 | Nextilius · wall_segment Palisade Wall x9 |
| 17:44 | Nextilius · wall_segment Palisade Wall x9 |
| 18:08 | johnnyt27 · first_building Barracks |
| 18:49 | johnnyt27 · wall_segment Stone Wall x10 |
| 19:25 | Tecuan96 · first_market_sell 100 wood |
| 19:26 | Mandy ARG · wall_segment Stone Wall x5 |
| 19:41 | johnnyt27 · first_building Archery Range |
| 19:44 | Mandy ARG · wall_segment Stone Wall x21 |
| 19:56 | Mandy ARG · wall_segment Stone Wall x15 |
| 19:57 | Slayun · first_building Archery Range |
| 20:21 | Gutts220 · first_building Stable |
| 20:25 | Tecuan96 · wall_segment Palisade Wall x8 |
| 20:38 | Yetasamurai · first_market_sell 100 wood |
| 20:39 | Yetasamurai · first_market_buy 100 food |
| 21:12 | Tecuan96 · wall_segment Palisade Wall x1 |
| 21:30 | Tecuan96 · age_up castle |
| 21:47 | Nextilius · wall_segment Palisade Wall x9 |
| 21:51 | Nextilius · wall_segment Palisade Wall x7 |
| 22:18 | Tecuan96 · wall_segment Palisade Wall x16 |
| 23:10 | Nextilius · age_up castle |
| 23:21 | Gutts220 · first_market_buy 100 wood |
| 24:04 | Mandy ARG · first_market_buy 100 food |
| 25:03 | Yetasamurai · first_building Castle |
| 25:03 | Nextilius · wall_segment Palisade Wall x1 |
| 25:16 | Yetasamurai · first_building Monastery |
| 25:35 | Gouveia!! · first_building Barracks |
| 25:52 | Yetasamurai · wall_segment Stone Wall x1 |
| 25:54 | Nextilius · first_building Castle |
| 26:28 | johnnyt27 · age_up castle |
| 26:50 | Nextilius · first_building Monastery |
| 26:54 | Tecuan96 · first_building Castle |
| 27:21 | Nextilius · wall_segment Palisade Wall x8 |
| 27:50 | Gouveia!! · age_up castle |
| 28:25 | johnnyt27 · first_building Monastery |
| 28:33 | Tecuan96 · first_building Monastery |
| 28:44 | Slayun · age_up castle |
| 28:52 | Nextilius · first_market_buy 100 wood |
| 28:54 | Gouveia!! · first_building Stable |
| 29:02 | johnnyt27 · wall_segment Stone Wall x3 |
| 29:04 | Gutts220 · first_building Monastery |
| 29:29 | Gouveia!! · first_building Siege Workshop |
| 29:29 | Tecuan96 · first_building Siege Workshop |
| 30:10 | Tecuan96 · wall_segment Stone Wall x20 |
| 31:09 | Slayun · first_building Castle |
| 31:30 | Mandy ARG · wall_segment Stone Wall x6 |
| 31:35 | Mandy ARG · wall_segment Stone Wall x2 |
| 31:40 | Mandy ARG · wall_segment Stone Wall x9 |
| 32:01 | Tecuan96 · age_up imperial |
| 32:21 | Mandy ARG · first_building Monastery |
| 32:32 | Mandy ARG · first_building Castle |
| 33:05 | johnnyt27 · wall_segment Stone Wall x7 |
| 33:23 | johnnyt27 · wall_segment Stone Wall x6 |
| 33:34 | Nextilius · age_up imperial |
| 34:00 | johnnyt27 · first_building Castle |
| 35:19 | Tecuan96 · wall_segment Stone Wall x11 |
| 37:45 | Nextilius · first_market_sell 500 wood |
| 38:00 | Gutts220 · first_building Castle |
| 38:05 | johnnyt27 · age_up imperial |
| 39:35 | Slayun · first_building Siege Workshop |
| 40:20 | Gutts220 · first_building Archery Range |
| 44:37 | Gouveia!! · first_building Monastery |
| 44:47 | Mandy ARG · first_building Barracks |
| 45:37 | Mandy ARG · first_building Stable |
| 45:38 | johnnyt27 · first_building Stable |
| 46:29 | Mandy ARG · wall_segment Stone Wall x5 |
| 46:34 | Mandy ARG · wall_segment Stone Wall x1 |
| 46:59 | Mandy ARG · wall_segment Stone Wall x4 |
| 49:47 | johnnyt27 · wall_segment Stone Wall x10 |
| 49:54 | johnnyt27 · wall_segment Stone Wall x13 |
| 50:32 | Gouveia!! · age_up imperial |
| 50:56 | Gouveia!! · first_building Castle |
| 51:24 | Slayun · age_up imperial |
| 53:48 | Gouveia!! · first_market_sell 100 wood |
| 54:08 | johnnyt27 · resign |
[ AI ANALYSIS · 1 CREDIT ]
What really happened in this match?
Wolo.gg analyzes every decision: build order, eco, micro, common mistakes by bracket. Personalized analysis on WhatsApp or Discord in 30 seconds.
Civ guide
Malians
Map guide
Arabia
Perfil
Jugador #13236716